 Dungeon Sprint DCSS version 0.24-a0-536-gdd4cf15 (webtiles) character file.

Game seed: 13972648461814482970

9486 Faca the Warrior (level 11, -8/121 HPs)
             Began as a Minotaur Fighter on Aug 13, 2019.
             Was the Champion of the Shining One.
             Mangled by a catoblepas (12 damage)
             ... while petrified by you
             ... in the Dungeon (Sprint IX: "|||||||||||||||||||||||||||||").
             The game lasted 00:06:49 (2000 turns).

Faca the Warrior (Minotaur Fighter)                 Turns: 2000, Time: 00:06:49

Health: -8/121     AC: 19    Str: 24    XL:     11   Next: 23%
Magic:  10/10      EV:  2    Int:  8    God:    the Shining One [******]
Gold:   0          SH:  0    Dex: 10    Spells: 10/10 levels left

rFire    . . .     SeeInvis .   o - +2 scimitar (holy)
rCold    . . .     Gourm    .   c - +0 shield
rNeg     + + +     Faith    .   p - +0 plate armour
rPois    ∞         Spirit   .   (helmet restricted)
rElec    .         Reflect  .   (no cloak)
rCorr    .         Harm     .   (no gloves)
MR       .....     NoTele   +   a - +0 pair of boots
Stlth    ..........             (no amulet)
HPRegen  0.30/turn              q - +3 ring of intelligence
MPRegen  0.12/turn              r - +2 ring of protection

@: petrified, glowing
A: retaliatory headbutt, horns 2
a: Divine Shield, Cleansing Flame, Summon Divine Warrior, Brand Weapon With Holy
Wrath, Renounce Religion


You were in the Dungeon.
You worshipped the Shining One.
The Shining One was exalted by your worship.
You were near starving.

You visited 1 branch

Inventory:

Hand Weapons
 n - the +2 rapier of the Badger {protect, +Inv Str+2}
   (You found it in the Dungeon)

   It grants its wielder temporary protection when it strikes (+7 to AC).
   It affects your strength (+2).
   It lets you turn invisible.
 o - a +2 scimitar of holy wrath (weapon)
Armour
 a - a +0 pair of boots (worn)
 c - a +0 shield (worn)
 p - a +0 plate armour (worn)
Jewellery
 q - a +3 ring of intelligence (left hand)
 r - a +2 ring of protection (right hand)
Wands
 m - a wand of acid (9)
Scrolls
 j - 4 scrolls of remove curse
 k - 2 scrolls of blinking
 l - 2 scrolls of amnesia
 s - 3 scrolls of enchant armour
 t - 2 scrolls of fear
 u - 2 scrolls of enchant weapon
Potions
 b - 2 potions of agility
 d - 4 potions of heal wounds
 e - 5 potions of curing
 g - a potion of mutation
 h - 2 potions of haste
 i - 4 potions of magic
Comestibles
 f - a ration


   Skills:
 + Level 18.6 Fighting
 - Level 17.7 Long Blades
 - Level 12.3 Armour
 + Level 5.8 Dodging
 + Level 13.6 Shields


You had 10 spell levels left.
You didn't know any spells.
Your spell library was empty.

Dungeon Overview and Level Annotations

Branches:
Dungeon (1/1)

Altars:
Cheibriados
Dithmenos
Elyvilon
Fedhas
Gozag
Hepliaklqana
Kikubaaqudgha
Makhleb
Nemelex Xobeh
Okawaru
Qazlal
Ru
Sif Muna
Trog
Uskayaw
Vehumet
Wu Jian
Xom
Yredelemnul
Zin
The Shining One
Beogh
Jiyva
Lugonu


Innate Abilities, Weirdness & Mutations

You reflexively headbutt those who attack you in melee.
You have a pair of horns on your head.


Message History

You are engulfed in calcifying dust.
The catoblepas gores you but does no damage.
Your limbs are stiffening.
You hit the catoblepas but do no damage.
You headbutt the catoblepas, but do no damage.
The catoblepas is heavily wounded.
You are engulfed in calcifying dust.
Your limbs have turned to stone.
The catoblepas gores you!
* * * LOW HITPOINT WARNING * * *
You have turned to stone.
You are engulfed in calcifying dust.
The catoblepas breathes a plume of calcifying dust at you.
The blast of calcifying dust hits you but does no damage.
You are engulfed in calcifying dust.
The catoblepas breathes a plume of calcifying dust at you.
The blast of calcifying dust hits you but does no damage.
The catoblepas gores you!!
* * * LOW HITPOINT WARNING * * *
The catoblepas gores you!!
You die...

▓.▓.▓.▓
▓'▓.▓.▓
▓_▓.▓.▓
▓_▓.▓.▓
▓_▓.▓.▓
▓_▓.▓.▓
▓_▓.▓'▓
▓_▓Y▓.▓
▓_▓@▓.▓
▓_▓§▓.▓
▓_▓.▓.▓
▓_▓§▓.▓
▓_▓.▓.▓
▓_▓.▓.▓
▓_▓.▓.▓
▓_▓.▓.▓
▓_▓.▓'▓


You could see a catoblepas.

Vanquished Creatures
  3 hydras (D)
  6 death yaks (D)
  A two-headed ogre (D)
  A manticore (D)
  2 spiny frogs (D)
  A rime drake (D)
  3 yaks (D)
  2 basilisks (D)
  A water moccasin (D)
  2 porcupines (D)
  2 orc warriors (D)
  A centaur (D)
  3 crocodiles (D)
  4 bullfrogs (D)
  A scorpion (D)
  2 crimson imps (D)
  An orc wizard (D)
  A worker ant (D)
  An adder (D)
  A leopard gecko (D)
  A goblin (D)
  A kobold (D)
  2 bats (D)
  A quokka skeleton (D)
  A quokka zombie (D)
  A rat (D)
46 creatures vanquished.

Notes
Turn   | Place    | Note
-------+----------+-------------------------------------------
     0 | D        | Faca the Minotaur Fighter began the quest for the Orb.
     0 | D        | Reached XP level 1. HP: 19/19 MP: 0/0
     5 | D        | Reached skill level 4 in Fighting
   176 | D        | Noticed a worker ant
   176 | D        | Noticed a crimson imp
   191 | D        | Killed a worker ant
   191 | D        | Reached skill level 6 in Fighting
   191 | D        | Reached skill level 5 in Long Blades
   191 | D        | Reached XP level 2. HP: 14/30 MP: 1/1
   194 | D        | Reached XP level 3. HP: 15/37 MP: 2/2
   198 | D        | Reached skill level 7 in Fighting
   198 | D        | Reached XP level 4. HP: 17/48 MP: 3/3
   482 | D        | Found a roughly hewn altar of Beogh.
   482 | D        | Found a snail-covered altar of Cheibriados.
   482 | D        | Found a shadowy altar of Dithmenos.
   482 | D        | Found a white marble altar of Elyvilon.
   482 | D        | Found a blossoming altar of Fedhas.
   482 | D        | Found an opulent altar of Gozag.
   483 | D        | Found a hazy altar of Hepliaklqana.
   484 | D        | Found a viscous altar of Jiyva.
   485 | D        | Found an ancient bone altar of Kikubaaqudgha.
   486 | D        | Found a corrupted altar of Lugonu.
   487 | D        | Found a burning altar of Makhleb.
   488 | D        | Found a sparkling altar of Nemelex Xobeh.
   489 | D        | Found an iron altar of Okawaru.
   490 | D        | Found a stormy altar of Qazlal.
   491 | D        | Found a sacrificial altar of Ru.
   492 | D        | Found a shimmering blue altar of Sif Muna.
   493 | D        | Found a bloodstained altar of Trog.
   494 | D        | Found a hide-covered altar of Uskayaw.
   495 | D        | Found a radiant altar of Vehumet.
   496 | D        | Found an ornate altar of the Wu Jian Council.
   497 | D        | Found a shimmering altar of Xom.
   498 | D        | Found a basalt altar of Yredelemnul.
   499 | D        | Found a glowing silver altar of Zin.
   500 | D        | Found a glowing golden altar of the Shining One.
   508 | D        | Became a worshipper of the Shining One
   518 | D        | Got the +2 rapier of the Badger {protect, +Inv Str+2}
   547 | D        | Noticed an orc warrior
   547 | D        | Noticed a crocodile
   547 | D        | Noticed an orc warrior
   547 | D        | Reached * piety under the Shining One
   547 | D        | Noticed a two-headed ogre
   556 | D        | Killed an orc warrior
   556 | D        | Reached skill level 9 in Fighting
   556 | D        | Reached XP level 5. HP: 25/58 MP: 4/4
   559 | D        | Reached skill level 10 in Fighting
   559 | D        | Reached skill level 10 in Long Blades
   565 | D        | Killed a crocodile
   565 | D        | Reached skill level 11 in Fighting
   565 | D        | Reached XP level 6. HP: 31/68 MP: 5/5
   568 | D        | Killed a two-headed ogre
   568 | D        | Reached skill level 14 in Fighting
   568 | D        | Reached XP level 7. HP: 27/81 MP: 6/6
   570 | D        | Reached XP level 8. HP: 30/90 MP: 7/7
   835 | D        | Noticed a manticore
   835 | D        | Noticed a four-headed hydra
   835 | D        | Reached ** piety under the Shining One
   844 | D        | Killed a manticore
   844 | D        | Reached skill level 15 in Fighting
   844 | D        | Reached skill level 5 in Armour
   844 | D        | Reached skill level 5 in Shields
   854 | D        | Killed a four-headed hydra
   854 | D        | Reached skill level 15 in Long Blades
   854 | D        | Reached XP level 9. HP: 49/99 MP: 8/8
   879 | D        | Reached *** piety under the Shining One
  1199 | D        | Noticed a six-headed hydra
  1199 | D        | Reached **** piety under the Shining One
  1200 | D        | Noticed a spiny frog
  1208 | D        | Killed a seven-headed hydra
  1208 | D        | Reached skill level 16 in Fighting
  1226 | D        | Killed a spiny frog
  1227 | D        | Reached skill level 10 in Armour
  1227 | D        | Reached skill level 10 in Shields
  1230 | D        | Reached XP level 10. HP: 90/108 MP: 9/9
  1301 | D        | Reached ***** piety under the Shining One
  1301 | D        | Noticed a four-headed hydra
  1305 | D        | Noticed a spiny frog
  1320 | D        | Killed a four-headed hydra
  1320 | D        | Reached skill level 17 in Fighting
  1352 | D        | Killed a spiny frog
  1756 | D        | Noticed a death yak
  1756 | D        | Noticed a death yak
  1756 | D        | Noticed a death yak
  1756 | D        | Noticed a death yak
  1756 | D        | Noticed a death yak
  1756 | D        | Noticed a death yak
  1762 | D        | Noticed a catoblepas
  1764 | D        | Killed a death yak
  1919 | D        | Killed a death yak
  1935 | D        | Reached ****** piety under the Shining One
  1941 | D        | Killed a death yak
  1941 | D        | Reached skill level 18 in Fighting
  1941 | D        | Reached XP level 11. HP: 85/119 MP: 10/10
  1966 | D        | Killed a death yak
  1971 | D        | Killed a death yak
  1971 | D        | Reached skill level 5 in Dodging
  1978 | D        | Killed a death yak
  1999 | D        | HP: 4/121 [catoblepas (12)]
  2000 | D        | Mangled by a catoblepas

Levels and vault maps discovered:
D:        linesprint [early_d, line_temple, items_1, d_10, items_2, lair_1,
          lair_end, items_3, orc_1, orc_end, items_4, d_15, swamp_1, shoals_1,
          snake_1, spider_1, d_20, vaults_1, items_5, swamp_end, shoals_end,
          snake_end, spider_end, vaults_end, d_27, items_6, zot_1, zot_end,
          crypt_end, forest_end, elf_end, slime_end, tomb_end, abyss_end,
          pan_hell_end]

Skill      XL: |  1  2  3  4  5  6  7  8  9 10 11 |
---------------+----------------------------------+-----
Fighting       | 6 7 9 11 14 15 16 18 | 18.6
Long Blades    | 5 7 9 11 14 15 16 17 | 17.7
Armour         | 7 10 12 | 12.3
Shields        | 7 10 12 13 | 13.6
Dodging        | 2 5 |  5.8

Action                   |  1- 3 |  4- 6 |  7- 9 | 10-12 || total
-------------------------+-------+-------+-------+-------++-------
Melee: Long sword        |    38 |       |       |       ||    38
       Headbutt          |     1 |     4 |     9 |    19 ||    33
       Scimitar          |       |    20 |    43 |    88 ||   151
       Rapier            |       |       |    15 |     9 ||    24
Evoke: Wand              |       |       |       |     1 ||     1
  Use: Potion            |     1 |     1 |     3 |       ||     5
  Eat: Chunk             |       |       |     1 |     1 ||     2
Armor: Scale mail        |    17 |       |       |       ||    17
       Plate armour      |       |     3 |    55 |    42 ||   100
Dodge: Dodged            |     6 |     1 |    18 |    10 ||    35
Block: Shield            |    15 |    11 |    33 |    31 ||    90
       Rpst.: Long sword |     1 |       |       |       ||     1
       Scimitar          |       |     1 |       |     2 ||     3

Table legend:
 A = Non-vault XP
 B = Vault XP
 C = Vault XP percentage of total XP
 D = Non-vault monster count
 E = Vault monster count
 F = Vault count percentage of total count
                 A         B        C        D         E       F
            +---------+---------+-------+---------+---------+-------
      Total |       0 |   13552 | 100.0 |       0 |      46 | 100.0
            +---------+---------+-------+---------+---------+-------
          D |       0 |   13552 | 100.0 |       0 |      46 | 100.0
            +---------+---------+-------+---------+---------+-------
